cohdb
Replays
Latest Replays
All Replays
Popular Replays
Top Player Replays
Match Explorer
How It Works
Community
CoH3 Stats
Reddit
Sign in to upload your games and track your stats! →
Sign in with Steam
Match 42007652
Unlisted
Match 42007652
Overview
Messages
Build Orders
End
Construct Infanterie Kompanie
Selects Breakthrough Battlegroup
Selects Assault Grenadiers
Grenadier Squad
MG 42 Machine Gun Team
Grenadier Squad
Medical Station
Construct Luftwaffe Kompanie
Selects Smoke Bombing Run
Jäger Squad
Medical Bunker
Forward Retreat Point
Selects Mechanized Assault Group
Mechanized Assault Group
Jäger Squad
Construct Panzer Kompanie
King in the North
Jd577
Rendoru
grippster3
Taterbait
双目失明丝毫不影响我烹饪好菜
LoveKhan69
Bungtoddy
0
0
Comments
sign in to comment!
No comments posted yet!